[ AOE2 MATCH · #484466309 ]
UnrankedKoreans vs Japanese
[ REPLAY ANALYSIS · EXTRACTED FROM THE RECORDED GAME ]
Feudal
—
Castle
—
Imperial
—
| APM avg | 13.1 |
| APM peak | 37 |
| eAPM avg | 9.5 |
| Villagers / military | 57 / 5 |
Focus
⚔️ 16.7% · 🌾 83.3%
Spearman ×4 · Fire Lancer ×1
Feudal
—
Castle
—
Imperial
—
| APM avg | 14.8 |
| APM peak | 43 |
| eAPM avg | 8.5 |
| Villagers / military | 48 / 45 |
Focus
⚔️ 34.2% · 🌾 65.8%
Militia ×45
Feudal
—
Castle
—
Imperial
—
| APM avg | 30.8 |
| APM peak | 57 |
| eAPM avg | 13.5 |
| Villagers / military | 39 / 46 |
Focus
⚔️ 21.5% · 🌾 78.5%
Militia ×37 · Samurai ×9
Feudal
—
Castle
—
Imperial
—
| APM avg | 22.7 |
| APM peak | 53 |
| eAPM avg | 10.3 |
| Villagers / military | 48 / 11 |
Focus
⚔️ 26.9% · 🌾 73.1%
War Wagon ×7 · Scorpion ×4
Feudal
—
Castle
—
Imperial
—
| APM avg | 13.1 |
| APM peak | 34 |
| eAPM avg | 9.1 |
| Villagers / military | 61 / 34 |
Focus
⚔️ 19.0% · 🌾 81.0%
Eagle Scout ×31 · Monk ×3
Feudal
—
Castle
—
Imperial
—
| APM avg | 22.7 |
| APM peak | 63 |
| eAPM avg | 9.4 |
| Villagers / military | 64 / 44 |
Focus
⚔️ 26.2% · 🌾 73.8%
Knight ×20 · Scout Cavalry ×12 · Teutonic Knight ×12
Feudal
—
Castle
—
Imperial
—
| APM avg | 30.4 |
| APM peak | 60 |
| eAPM avg | 18.5 |
| Villagers / military | 48 / 105 |
Focus
⚔️ 33.0% · 🌾 67.0%
Militia ×96 · Spearman ×6 · Monk ×3
Feudal
—
Castle
—
Imperial
—
| APM avg | 19.8 |
| APM peak | 57 |
| eAPM avg | 5.9 |
| Villagers / military | 17 / 10 |
Focus
⚔️ 14.3% · 🌾 85.7%
Spearman ×7 · Eagle Scout ×3
Match map
Initial resources + every placement click. Lines = walls · curves = elevation contours. ◆ gold · ⬟ stone · ● berries · ✦ relic · ◌ wall gap
Your base· Open — unwalled flank
judge judy's base· Open — 5t gap
Cobra Car's base· Open — 3t gap
ULIVS96's base· Open — 3t gap
billculviner's base· Open — unwalled flank
PITUFO1998's base· Open — unwalled flank
martinjohn's base· Open — unwalled flank
char's base· Open — unwalled flank
Smoothed initial terrain · ◌ = detected wall gap · hover for details
Inputs per minute
— kevinmcgill59 - - judge judy
Build order — kevinmcgill59
127 actions detected in the replay
| 0:03 | Create | Villager (Male) |
| 0:03 | Create | Villager (Male) |
| 0:03 | Create | Villager (Male) |
| 0:04 | Create | Villager (Male) |
| 0:08 | Build | House |
| 0:12 | Build | House |
| 1:40 | Create | Villager (Male) |
| 2:07 | Create | Villager (Male) |
| 2:23 | Create | Villager (Male) |
| 2:40 | Create | Villager (Male) |
| 3:00 | Create | Villager (Male) |
| 3:28 | Create | Villager (Male) |
| 3:53 | Build | Mill |
| 4:03 | Research | Loom |
| 4:04 | Create | Villager (Male) |
| 4:19 | Build | House |
| 4:27 | Create | Villager (Male) |
| 4:49 | Create | Villager (Male) |
| 5:26 | Create | Villager (Male) |
| 5:45 | Create | Villager (Male) |
| 6:38 | Build | House |
| 6:52 | Build | Lumber Camp |
| 7:08 | Create | Villager (Male) |
| 7:10 | Create | Villager (Male) |
| 7:29 | Build | Mill |
| 8:09 | Research | Feudal Age |
| 8:57 | Build | Barracks |
| 9:36 | Build | House |
| 9:39 | Build | House |
| 9:41 | Build | House |
| 9:45 | Build | House |
| 10:23 | Create | Villager (Male) |
| 10:25 | Create | Villager (Male) |
| 10:25 | Create | Villager (Male) |
| 10:26 | Create | Villager (Male) |
| 10:33 | Research | Double-Bit Axe |
| 10:55 | Build | House |
| 11:00 | Build | House |
| 11:01 | Build | House |
| 11:03 | Build | House |
| 11:06 | Build | House |
| 11:09 | Build | House |
| 11:30 | Build | Mining Camp |
| 11:35 | Create | Villager (Male) |
| 12:18 | Build | Watch Tower |
| 12:39 | Build | Market |
| 12:56 | Create | Villager (Male) |
| 13:01 | Create | Villager (Male) |
| 13:34 | Build | Watch Tower |
| 13:42 | Create | Villager (Male) |
| 14:24 | Build | Mining Camp |
| 14:52 | Create | Villager (Male) |
| 14:53 | Create | Villager (Male) |
| 14:53 | Create | Villager (Male) |
| 15:23 | Build | Watch Tower |
| 15:58 | Build | Blacksmith |
| 16:26 | Build | Watch Tower |
| 16:40 | Research | Fletching |
| 17:33 | Build | Farm |
| 17:34 | Build | Farm |
| 17:34 | Build | Farm |
| 17:35 | Build | Farm |
| 17:48 | Build | Farm |
| 17:48 | Build | Farm |
| 17:51 | Create | Villager (Male) |
| 17:52 | Create | Villager (Male) |
| 17:52 | Create | Villager (Male) |
| 19:57 | Research | Horse Collar |
| 20:06 | Create | Villager (Male) |
| 20:06 | Create | Villager (Male) |
| 20:12 | Build | Farm |
| 20:13 | Build | Farm |
| 20:13 | Build | Farm |
| 20:14 | Build | Farm |
| 21:27 | Research | Wheelbarrow |
| 23:27 | Build | House |
| 23:34 | Build | House |
| 23:40 | Build | House |
| 23:56 | Research | Castle Age |
| 24:19 | Build | Farm |
| 24:32 | Build | Gate |
| 26:36 | Create | Spearman |
| 26:36 | Create | Spearman |
| 27:06 | Create | Spearman |
| 28:44 | Build | Town Center |
| 28:48 | Create | Villager (Male) |
| 28:49 | Create | Villager (Male) |
| 28:49 | Create | Villager (Male) |
| 28:50 | Create | Villager (Male) |
| 28:50 | Create | Villager (Male) |
| 28:50 | Create | Villager (Male) |
| 29:04 | Create | Villager (Male) |
| 29:04 | Create | Villager (Male) |
| 29:05 | Create | Villager (Male) |
| 29:14 | Create | Spearman |
| 29:52 | Research | Scale Mail Armor |
| 30:23 | Create | Villager (Male) |
| 30:23 | Create | Villager (Male) |
| 30:23 | Create | Villager (Male) |
| 30:24 | Create | Villager (Male) |
| 31:09 | Research | Forging |
| 32:04 | Build | Farm |
| 32:05 | Build | Farm |
| 32:06 | Build | Farm |
| 32:07 | Build | Farm |
| 32:21 | Build | Farm |
| 32:23 | Build | Farm |
| 32:27 | Build | Farm |
| 32:37 | Create | Villager (Male) |
| 32:38 | Create | Villager (Male) |
| 32:39 | Create | Villager (Male) |
| 32:45 | Research | Gambesons |
| 32:50 | Research | Arson |
| 33:15 | Build | Barracks |
| 33:26 | Create | Villager (Male) |
| 33:26 | Create | Villager (Male) |
| 33:27 | Create | Villager (Male) |
| 33:46 | Research | Gold Mining |
| 34:09 | Research | Bow Saw |
| 34:22 | Create | Villager (Male) |
| 34:22 | Create | Villager (Male) |
| 34:23 | Create | Villager (Male) |
| 34:23 | Create | Villager (Male) |
| 34:40 | Research | Heavy Plow |
| 34:46 | Create | Villager (Male) |
| 35:07 | Research | Squires |
| 35:08 | Create | Fire Lancer |
Build order — judge judy
144 actions detected in the replay
| 0:01 | Create | Villager (Male) ×4 |
| 0:03 | Build | House |
| 0:04 | Build | House |
| 1:26 | Create | Villager (Male) |
| 1:49 | Build | Lumber Camp |
| 2:12 | Create | Villager (Male) |
| 2:12 | Create | Villager (Male) |
| 2:32 | Create | Villager (Male) |
| 2:58 | Create | Villager (Male) |
| 3:08 | Create | Villager (Male) |
| 3:33 | Build | House |
| 4:32 | Build | Mill |
| 4:34 | Create | Villager (Male) |
| 4:35 | Create | Villager (Male) |
| 5:05 | Create | Villager (Male) |
| 5:05 | Create | Villager (Male) |
| 5:10 | Build | House |
| 5:13 | Build | House |
| 6:04 | Build | Mill |
| 6:29 | Create | Villager (Male) |
| 6:29 | Create | Villager (Male) |
| 6:30 | Create | Villager (Male) |
| 6:30 | Create | Villager (Male) |
| 6:31 | Create | Villager (Male) |
| 6:51 | Build | Farm |
| 6:55 | Build | Farm |
| 7:07 | Create | Villager (Male) |
| 7:13 | Build | House |
| 7:40 | Create | Villager (Male) |
| 7:59 | Build | Barracks |
| 8:02 | Create | Villager (Male) |
| 8:28 | Build | Farm |
| 8:42 | Create | Villager (Male) |
| 8:49 | Create | Villager (Male) |
| 9:27 | Create | Villager (Male) |
| 9:31 | Build | Farm |
| 9:34 | Build | Farm |
| 9:38 | Build | Mining Camp |
| 9:44 | Research | Loom |
| 9:58 | Build | Farm |
| 10:16 | Build | Palisade Wall |
| 10:21 | Research | Feudal Age |
| 10:28 | Build | House |
| 10:30 | Build | House |
| 10:32 | Build | House |
| 10:41 | Create | Militia |
| 10:42 | Create | Militia |
| 10:46 | Create | Militia |
| 10:53 | Create | Militia |
| 11:03 | Build | Palisade Wall |
| 11:20 | Build | Farm |
| 11:22 | Create | Villager (Male) |
| 11:30 | Build | Farm |
| 11:56 | Build | Palisade Wall |
| 12:01 | Create | Militia |
| 12:04 | Create | Militia |
| 12:40 | Create | Militia |
| 13:03 | Build | Palisade Wall |
| 13:17 | Research | Man-at-Arms (upgrade) |
| 13:33 | Create | Villager (Male) |
| 13:45 | Build | Farm |
| 13:48 | Build | Farm |
| 14:08 | Create | Villager (Male) |
| 14:13 | Research | Arson |
| 14:26 | Create | Militia |
| 14:27 | Create | Militia |
| 14:27 | Create | Militia |
| 14:27 | Create | Militia |
| 14:27 | Create | Militia |
| 14:27 | Create | Militia |
| 14:49 | Create | Villager (Male) |
| 15:07 | Create | Villager (Male) |
| 15:22 | Build | House |
| 15:25 | Build | House |
| 15:27 | Build | House |
| 15:49 | Build | Farm |
| 16:05 | Create | Militia |
| 16:05 | Create | Militia |
| 16:06 | Create | Militia |
| 16:06 | Create | Militia |
| 16:32 | Create | Militia |
| 16:33 | Create | Militia |
| 16:33 | Create | Militia |
| 16:33 | Create | Militia |
| 16:33 | Create | Militia |
| 16:44 | Build | Farm |
| 16:44 | Build | Farm |
| 16:50 | Build | Lumber Camp |
| 16:54 | Create | Villager (Male) |
| 17:27 | Create | Militia |
| 17:27 | Create | Militia |
| 17:44 | Create | Villager (Male) |
| 18:04 | Create | Villager (Male) |
| 18:05 | Create | Villager (Male) |
| 18:36 | Create | Villager (Male) |
| 18:59 | Create | Villager (Male) |
| 18:59 | Create | Villager (Male) |
| 19:02 | Build | Farm |
| 19:27 | Create | Villager (Male) |
| 19:30 | Create | Militia |
| 19:45 | Create | Militia |
| 20:09 | Build | Blacksmith |
| 20:34 | Create | Militia |
| 20:47 | Build | Farm |
| 20:54 | Research | Scale Mail Armor |
| 21:02 | Create | Militia |
| 21:12 | Build | House |
| 21:36 | Create | Militia |
| 21:36 | Create | Militia |
| 21:37 | Create | Militia |
| 21:37 | Create | Militia |
| 21:54 | Create | Militia |
| 21:55 | Create | Militia |
| 22:07 | Create | Villager (Male) |
| 22:42 | Create | Militia |
| 22:42 | Create | Militia |
| 22:56 | Create | Villager (Male) |
| 23:05 | Create | Villager (Male) |
| 23:33 | Build | Farm |
| 23:38 | Build | Farm |
| 24:04 | Create | Militia |
| 24:05 | Create | Militia |
| 24:05 | Create | Militia |
| 24:05 | Create | Militia |
| 24:11 | Build | House |
| 24:17 | Build | House |
| 24:20 | Create | Villager (Male) |
| 24:20 | Create | Villager (Male) |
| 24:25 | Create | Militia |
| 24:43 | Create | Villager (Male) |
| 24:48 | Build | Farm |
| 24:55 | Build | Farm |
| 25:07 | Create | Militia |
| 25:08 | Create | Militia |
| 25:08 | Create | Militia |
| 25:08 | Create | Militia |
| 25:22 | Create | Villager (Male) |
| 25:23 | Create | Villager (Male) |
| 26:04 | Build | House |
| 26:08 | Create | Villager (Male) |
| 26:39 | Build | Archery Range |
| 26:52 | Build | Farm |
| 26:53 | Build | Farm |
| 27:27 | Create | Villager (Male) |
Build order — Cobra Car
First 150 of 165 actions detected
| 0:02 | Create | Villager (Male) |
| 0:02 | Create | Villager (Male) |
| 0:02 | Create | Villager (Male) |
| 0:03 | Create | Villager (Male) |
| 0:05 | Build | House |
| 0:10 | Build | House |
| 1:02 | Research | Loom |
| 1:21 | Create | Villager (Male) |
| 1:40 | Create | Villager (Male) |
| 2:11 | Build | Lumber Camp |
| 2:23 | Create | Villager (Male) |
| 2:47 | Create | Villager (Male) |
| 3:12 | Create | Villager (Male) |
| 3:28 | Create | Villager (Male) |
| 3:31 | Build | House |
| 4:24 | Create | Villager (Male) |
| 4:25 | Create | Villager (Male) |
| 4:56 | Create | Villager (Male) |
| 5:18 | Create | Villager (Male) |
| 5:43 | Build | House |
| 6:01 | Create | Villager (Male) |
| 6:31 | Create | Villager (Male) |
| 6:46 | Build | Barracks |
| 6:51 | Create | Villager (Male) |
| 7:27 | Create | Villager (Male) |
| 7:31 | Build | Mill |
| 7:57 | Create | Villager (Male) |
| 8:22 | Research | Feudal Age |
| 8:29 | Build | Mining Camp |
| 9:00 | Build | House |
| 9:37 | Build | Farm |
| 9:38 | Build | Farm |
| 9:39 | Build | Farm |
| 10:19 | Build | Farm |
| 10:33 | Research | Man-at-Arms (upgrade) |
| 10:39 | Create | Villager (Male) |
| 10:48 | Build | Farm |
| 10:49 | Create | Villager (Male) |
| 10:52 | Create | Militia |
| 10:53 | Create | Militia |
| 11:10 | Build | Market |
| 11:14 | Create | Militia |
| 11:47 | Create | Militia |
| 12:17 | Create | Militia |
| 12:46 | Build | House |
| 12:56 | Create | Militia |
| 13:12 | Create | Militia |
| 13:20 | Build | Blacksmith |
| 13:24 | Build | Farm |
| 13:25 | Create | Villager (Male) |
| 13:27 | Build | Farm |
| 13:28 | Create | Villager (Male) |
| 14:00 | Build | House |
| 14:07 | Create | Militia |
| 14:07 | Create | Militia |
| 14:15 | Create | Villager (Male) |
| 14:49 | Create | Militia |
| 14:56 | Build | Palisade Wall |
| 15:37 | Create | Militia |
| 15:37 | Create | Militia |
| 15:58 | Build | Mill |
| 15:59 | Build | Farm |
| 15:59 | Build | Farm |
| 15:59 | Build | Farm |
| 16:01 | Create | Villager (Male) |
| 16:06 | Build | House |
| 16:11 | Build | Mining Camp |
| 16:59 | Build | Watch Tower |
| 17:43 | Create | Villager (Male) |
| 18:01 | Research | Castle Age |
| 18:19 | Build | Farm |
| 18:42 | Build | House |
| 18:43 | Build | House |
| 18:51 | Build | House |
| 18:53 | Build | Palisade Wall |
| 19:22 | Create | Militia |
| 19:23 | Create | Militia |
| 19:26 | Research | Scale Mail Armor |
| 19:43 | Build | House |
| 19:44 | Build | House |
| 19:55 | Build | Farm |
| 19:56 | Research | Double-Bit Axe |
| 20:12 | Build | Farm |
| 20:14 | Create | Villager (Male) |
| 20:56 | Research | Long Swordsman (upgrade) |
| 21:39 | Create | Militia |
| 21:39 | Create | Militia |
| 21:40 | Create | Militia |
| 21:55 | Build | House |
| 21:57 | Build | House |
| 21:59 | Build | House |
| 22:07 | Build | Palisade Wall |
| 22:13 | Create | Villager (Male) |
| 22:18 | Build | Farm |
| 22:32 | Build | House |
| 22:36 | Create | Militia |
| 22:46 | Build | Barracks |
| 22:51 | Build | Farm |
| 23:05 | Create | Militia |
| 23:19 | Build | Farm |
| 23:20 | Create | Villager (Male) |
| 23:20 | Create | Villager (Male) |
| 23:25 | Create | Militia |
| 23:40 | Create | Militia |
| 24:11 | Build | Farm |
| 24:13 | Build | Farm |
| 24:15 | Build | Farm |
| 24:17 | Create | Villager (Male) |
| 24:18 | Create | Villager (Male) |
| 24:35 | Build | Mining Camp |
| 24:42 | Create | Militia |
| 24:42 | Create | Militia |
| 24:45 | Build | Farm |
| 24:46 | Build | Farm |
| 24:57 | Build | Farm |
| 24:59 | Build | Farm |
| 25:20 | Research | Gambesons |
| 25:30 | Build | Watch Tower |
| 25:46 | Build | House |
| 26:05 | Build | Palisade Wall |
| 26:27 | Create | Villager (Male) |
| 26:28 | Create | Villager (Male) |
| 27:00 | Create | Militia |
| 27:00 | Create | Militia |
| 27:07 | Create | Militia |
| 27:07 | Create | Militia |
| 27:17 | Build | Castle |
| 28:06 | Research | Squires |
| 28:09 | Create | Villager (Male) |
| 28:52 | Build | Mining Camp |
| 29:09 | Create | Militia |
| 29:09 | Create | Militia |
| 29:09 | Create | Militia |
| 29:10 | Create | Militia |
| 29:13 | Create | Samurai |
| 29:13 | Create | Samurai |
| 29:21 | Research | Horse Collar |
| 30:57 | Create | Militia |
| 30:58 | Create | Militia |
| 31:05 | Create | Samurai |
| 31:05 | Create | Samurai |
| 31:05 | Create | Samurai |
| 31:10 | Build | Mining Camp |
| 31:14 | Create | Villager (Male) |
| 31:14 | Create | Villager (Male) |
| 31:16 | Research | Wheelbarrow |
| 31:17 | Research | Chain Mail Armor |
| 31:18 | Research | Forging |
| 32:36 | Create | Militia |
| 32:36 | Create | Militia |
Build order — ULIVS96
124 actions detected in the replay
| 0:08 | Build | House |
| 0:09 | Build | House |
| 0:11 | Build | House |
| 0:13 | Create | Villager (Male) |
| 0:13 | Create | Villager (Male) |
| 0:13 | Create | Villager (Male) |
| 0:13 | Create | Villager (Male) |
| 0:14 | Create | Villager (Male) |
| 1:39 | Create | Villager (Male) |
| 2:18 | Create | Villager (Male) |
| 2:19 | Create | Villager (Male) |
| 3:06 | Create | Villager (Male) |
| 3:14 | Build | Lumber Camp |
| 3:47 | Create | Villager (Male) |
| 3:47 | Create | Villager (Male) |
| 4:30 | Create | Villager (Male) |
| 4:30 | Create | Villager (Male) |
| 5:04 | Create | Villager (Male) |
| 5:04 | Create | Villager (Male) |
| 5:40 | Create | Villager (Male) |
| 5:41 | Create | Villager (Male) |
| 5:41 | Create | Villager (Male) |
| 5:49 | Build | House |
| 5:52 | Create | Villager (Male) |
| 5:52 | Create | Villager (Male) |
| 6:17 | Build | Mill |
| 8:00 | Create | Villager (Male) |
| 8:17 | Build | Mining Camp |
| 8:26 | Create | Villager (Male) |
| 9:01 | Research | Feudal Age |
| 9:33 | Build | Farm |
| 9:38 | Build | Farm |
| 9:41 | Build | Farm |
| 9:41 | Build | Farm |
| 9:41 | Build | Farm |
| 9:55 | Build | Farm |
| 11:04 | Research | Loom |
| 11:05 | Create | Villager (Male) |
| 11:05 | Create | Villager (Male) |
| 11:52 | Build | Watch Tower |
| 12:06 | Build | Palisade Wall |
| 12:09 | Build | Palisade Wall |
| 12:39 | Create | Villager (Male) |
| 12:39 | Create | Villager (Male) |
| 13:04 | Create | Villager (Male) |
| 13:04 | Create | Villager (Male) |
| 13:11 | Build | House |
| 13:20 | Build | House |
| 13:31 | Build | Palisade Wall |
| 13:46 | Build | Stone Wall |
| 14:04 | Build | Blacksmith |
| 14:12 | Build | Watch Tower |
| 14:27 | Build | Market |
| 15:01 | Build | Farm |
| 15:08 | Build | Mining Camp |
| 15:21 | Build | Watch Tower |
| 15:32 | Research | Castle Age |
| 16:06 | Build | Watch Tower |
| 16:42 | Build | Palisade Wall |
| 16:51 | Build | Palisade Wall |
| 16:54 | Build | Palisade Wall |
| 16:57 | Build | Palisade Wall |
| 17:03 | Build | Palisade Wall |
| 17:38 | Research | Fletching |
| 18:17 | Build | Watch Tower |
| 18:25 | Build | Stone Wall |
| 18:29 | Build | Stone Wall |
| 18:32 | Build | Stone Wall |
| 18:51 | Build | Farm |
| 19:20 | Create | Villager (Male) |
| 19:20 | Create | Villager (Male) |
| 19:36 | Build | Mining Camp |
| 20:08 | Build | Town Center |
| 20:23 | Build | Farm |
| 20:25 | Build | Farm |
| 20:30 | Create | Villager (Male) |
| 20:30 | Create | Villager (Male) |
| 20:31 | Create | Villager (Male) |
| 20:31 | Create | Villager (Male) |
| 21:07 | Create | Villager (Male) |
| 21:07 | Create | Villager (Male) |
| 21:07 | Create | Villager (Male) |
| 21:08 | Create | Villager (Male) |
| 22:01 | Research | Double-Bit Axe |
| 22:04 | Research | Horse Collar |
| 22:17 | Build | Watch Tower |
| 22:27 | Create | Villager (Male) |
| 22:28 | Create | Villager (Male) |
| 22:28 | Create | Villager (Male) |
| 22:28 | Create | Villager (Male) |
| 23:00 | Build | House |
| 23:11 | Build | Watch Tower |
| 23:26 | Build | Siege Workshop |
| 23:32 | Create | Villager (Male) |
| 23:32 | Create | Villager (Male) |
| 24:04 | Research | Bodkin Arrow |
| 24:23 | Create | Villager (Male) |
| 24:44 | Build | Watch Tower |
| 24:51 | Create | Villager (Male) |
| 24:57 | Build | House |
| 24:59 | Build | House |
| 24:59 | Build | House |
| 25:15 | Create | Scorpion |
| 25:15 | Create | Scorpion |
| 25:21 | Build | University |
| 25:32 | Create | Villager (Male) |
| 25:32 | Create | Villager (Male) |
| 25:50 | Build | Watch Tower |
| 26:55 | Create | Scorpion |
| 26:55 | Create | Scorpion |
| 28:38 | Build | Stone Wall |
| 29:06 | Build | Castle |
| 29:50 | Build | Watch Tower |
| 30:20 | Build | University |
| 30:25 | Create | War Wagon |
| 30:25 | Create | War Wagon |
| 30:26 | Create | War Wagon |
| 30:26 | Create | War Wagon |
| 30:48 | Build | Mining Camp |
| 31:03 | Research | Ballistics |
| 33:11 | Research | Eupseong |
| 33:20 | Create | War Wagon |
| 33:20 | Create | War Wagon |
| 33:20 | Create | War Wagon |
Build order — billculviner
First 150 of 162 actions detected
| 0:01 | Create | Villager (Male) |
| 0:01 | Create | Villager (Male) |
| 0:01 | Create | Villager (Male) |
| 0:02 | Create | Villager (Male) |
| 0:02 | Create | Villager (Male) |
| 0:03 | Build | House |
| 0:05 | Build | House |
| 1:48 | Build | Lumber Camp |
| 1:54 | Create | Villager (Male) |
| 1:54 | Create | Villager (Male) |
| 2:11 | Research | Loom |
| 2:26 | Create | Villager (Male) |
| 2:27 | Create | Villager (Male) |
| 2:27 | Create | Villager (Male) |
| 3:14 | Create | Villager (Male) |
| 3:54 | Create | Villager (Male) |
| 3:59 | Create | Villager (Male) |
| 4:02 | Build | Mill |
| 4:50 | Create | Villager (Male) |
| 4:51 | Create | Villager (Male) |
| 4:57 | Build | House |
| 5:00 | Build | House |
| 5:49 | Create | Villager (Male) |
| 5:52 | Create | Villager (Male) |
| 5:52 | Create | Villager (Male) |
| 6:44 | Create | Villager (Male) |
| 7:31 | Create | Villager (Male) |
| 7:33 | Create | Villager (Male) |
| 7:38 | Build | Farm |
| 7:45 | Build | Farm |
| 8:54 | Research | Feudal Age |
| 9:01 | Build | Farm |
| 9:06 | Build | Farm |
| 9:12 | Build | Farm |
| 9:29 | Build | Barracks |
| 10:12 | Build | Farm |
| 10:34 | Build | Lumber Camp |
| 10:41 | Create | Villager (Male) |
| 10:41 | Create | Villager (Male) |
| 10:42 | Create | Villager (Male) |
| 10:42 | Create | Villager (Male) |
| 10:42 | Create | Villager (Male) |
| 11:12 | Build | Farm |
| 11:17 | Build | Farm |
| 11:27 | Build | House |
| 11:28 | Build | House |
| 11:42 | Create | Eagle Scout |
| 11:43 | Create | Eagle Scout |
| 12:13 | Build | Mining Camp |
| 13:16 | Create | Villager (Male) |
| 13:17 | Create | Villager (Male) |
| 13:20 | Build | House |
| 13:56 | Build | Market |
| 14:05 | Build | Blacksmith |
| 14:07 | Create | Villager (Male) |
| 14:08 | Create | Villager (Male) |
| 14:13 | Create | Villager (Male) |
| 14:13 | Create | Villager (Male) |
| 15:43 | Create | Villager (Male) |
| 15:54 | Build | Farm |
| 15:58 | Research | Castle Age |
| 16:02 | Build | Farm |
| 16:48 | Research | Forging |
| 17:01 | Research | Double-Bit Axe |
| 17:11 | Create | Eagle Scout |
| 17:13 | Create | Eagle Scout |
| 17:28 | Research | Horse Collar |
| 18:07 | Research | Scale Mail Armor |
| 19:29 | Research | Eagle Warrior (upgrade) |
| 20:02 | Build | Farm |
| 20:04 | Build | Farm |
| 20:10 | Research | Wheelbarrow |
| 20:27 | Create | Eagle Scout |
| 20:35 | Build | Farm |
| 20:41 | Build | Farm |
| 21:07 | Build | Barracks |
| 21:14 | Research | Heavy Plow |
| 21:22 | Create | Villager (Male) |
| 21:22 | Create | Villager (Male) |
| 21:33 | Build | Watch Tower |
| 21:47 | Create | Villager (Male) |
| 21:51 | Create | Eagle Scout |
| 21:59 | Create | Villager (Male) |
| 22:03 | Create | Eagle Scout |
| 22:13 | Create | Villager (Male) |
| 22:19 | Build | Farm |
| 22:28 | Create | Eagle Scout |
| 22:28 | Create | Eagle Scout |
| 22:28 | Create | Eagle Scout |
| 22:29 | Create | Eagle Scout |
| 22:52 | Research | Iron Casting |
| 22:59 | Build | House |
| 23:00 | Build | House |
| 23:00 | Build | House |
| 23:08 | Research | Bow Saw |
| 23:24 | Research | Squires |
| 23:33 | Research | Arson |
| 24:25 | Create | Eagle Scout |
| 24:26 | Create | Eagle Scout |
| 24:26 | Create | Eagle Scout |
| 24:26 | Create | Eagle Scout |
| 24:26 | Create | Eagle Scout |
| 24:40 | Research | Chain Mail Armor |
| 24:43 | Create | Villager (Male) |
| 24:43 | Create | Villager (Male) |
| 25:04 | Build | Town Center |
| 25:09 | Create | Villager (Male) |
| 25:10 | Create | Villager (Male) |
| 25:17 | Create | Villager (Male) |
| 25:17 | Create | Villager (Male) |
| 26:33 | Create | Villager (Male) |
| 26:37 | Create | Eagle Scout |
| 26:37 | Create | Eagle Scout |
| 26:47 | Build | Monastery |
| 26:51 | Create | Villager (Male) |
| 26:59 | Build | Farm |
| 27:02 | Create | Villager (Male) |
| 27:02 | Create | Villager (Male) |
| 27:02 | Create | Villager (Male) |
| 27:12 | Create | Eagle Scout |
| 27:12 | Create | Eagle Scout |
| 27:13 | Create | Eagle Scout |
| 27:19 | Create | Villager (Male) |
| 27:19 | Create | Villager (Male) |
| 27:23 | Build | Farm |
| 27:28 | Build | Farm |
| 28:27 | Build | Town Center |
| 29:06 | Research | Redemption |
| 29:11 | Create | Eagle Scout |
| 29:11 | Create | Eagle Scout |
| 29:13 | Create | Villager (Male) |
| 29:13 | Create | Villager (Male) |
| 29:14 | Create | Villager (Male) |
| 29:14 | Create | Villager (Male) |
| 29:16 | Create | Villager (Male) |
| 29:16 | Create | Villager (Male) |
| 29:16 | Create | Villager (Male) |
| 29:25 | Build | House |
| 29:26 | Build | House |
| 29:27 | Build | House |
| 29:27 | Build | House |
| 29:28 | Build | House |
| 29:28 | Build | House |
| 29:28 | Build | House |
| 29:29 | Build | House |
| 29:36 | Create | Monk |
| 32:11 | Create | Monk |
| 32:11 | Create | Monk |
| 32:41 | Build | University |
| 32:43 | Create | Villager (Male) |
Build order — PITUFO1998
First 150 of 183 actions detected
| 0:02 | Create | Villager (Male) |
| 0:02 | Create | Villager (Male) |
| 0:02 | Create | Villager (Male) |
| 0:03 | Create | Villager (Male) |
| 0:05 | Build | House |
| 0:06 | Build | House |
| 1:45 | Create | Villager (Male) |
| 2:01 | Create | Villager (Male) |
| 2:21 | Build | Lumber Camp |
| 2:45 | Create | Villager (Male) |
| 2:57 | Create | Villager (Male) |
| 3:13 | Create | Villager (Male) |
| 3:45 | Create | Villager (Male) |
| 3:57 | Create | Villager (Male) |
| 4:11 | Build | Mill |
| 4:26 | Create | Villager (Male) |
| 4:27 | Create | Villager (Male) |
| 4:55 | Build | House |
| 5:05 | Create | Villager (Male) |
| 5:26 | Create | Villager (Male) |
| 5:26 | Create | Villager (Male) |
| 5:53 | Create | Villager (Male) |
| 6:12 | Build | Farm |
| 6:13 | Build | Farm |
| 6:15 | Build | Farm |
| 7:04 | Create | Villager (Male) |
| 7:24 | Create | Villager (Male) |
| 7:24 | Create | Villager (Male) |
| 7:24 | Create | Villager (Male) |
| 7:25 | Create | Villager (Male) |
| 7:25 | Create | Villager (Male) |
| 7:25 | Create | Villager (Male) |
| 7:40 | Build | House |
| 7:45 | Build | Lumber Camp |
| 8:56 | Build | Mill |
| 9:34 | Research | Feudal Age |
| 10:11 | Build | Barracks |
| 10:57 | Create | Villager (Male) |
| 10:58 | Create | Villager (Male) |
| 10:59 | Create | Villager (Male) |
| 11:53 | Build | Stable |
| 12:08 | Build | House |
| 12:09 | Build | House |
| 12:10 | Build | House |
| 12:42 | Research | Bloodlines |
| 12:43 | Create | Scout Cavalry |
| 12:43 | Create | Scout Cavalry |
| 12:44 | Create | Scout Cavalry |
| 12:44 | Create | Scout Cavalry |
| 12:44 | Create | Scout Cavalry |
| 12:45 | Create | Scout Cavalry |
| 12:56 | Build | Farm |
| 12:57 | Build | Farm |
| 13:04 | Build | Blacksmith |
| 13:07 | Create | Villager (Male) |
| 13:08 | Create | Villager (Male) |
| 13:08 | Create | Villager (Male) |
| 13:46 | Create | Villager (Male) |
| 13:47 | Create | Villager (Male) |
| 13:52 | Build | Farm |
| 14:34 | Build | Farm |
| 14:35 | Build | Farm |
| 14:35 | Build | Farm |
| 14:35 | Build | Farm |
| 14:35 | Build | Farm |
| 14:36 | Build | Farm |
| 14:36 | Build | Farm |
| 14:36 | Build | Farm |
| 14:37 | Build | Farm |
| 14:37 | Build | Farm |
| 14:42 | Research | Scale Mail Armor |
| 14:43 | Research | Forging |
| 14:50 | Build | Farm |
| 15:10 | Create | Scout Cavalry |
| 15:45 | Create | Villager (Male) |
| 15:46 | Create | Villager (Male) |
| 15:46 | Create | Villager (Male) |
| 17:21 | Create | Scout Cavalry |
| 17:21 | Create | Scout Cavalry |
| 17:21 | Create | Scout Cavalry |
| 17:21 | Create | Scout Cavalry |
| 17:22 | Create | Scout Cavalry |
| 17:24 | Create | Villager (Male) |
| 17:24 | Create | Villager (Male) |
| 17:33 | Build | House |
| 17:34 | Build | House |
| 17:37 | Build | House |
| 19:13 | Create | Villager (Male) |
| 19:13 | Create | Villager (Male) |
| 19:13 | Create | Villager (Male) |
| 19:14 | Create | Villager (Male) |
| 19:15 | Create | Villager (Male) |
| 19:16 | Create | Villager (Male) |
| 19:24 | Build | Farm |
| 19:24 | Build | Farm |
| 19:25 | Build | Farm |
| 19:25 | Build | Farm |
| 19:25 | Build | Farm |
| 19:43 | Build | Mining Camp |
| 19:50 | Build | Mining Camp |
| 20:22 | Research | Scale Barding Armor |
| 21:24 | Build | Market |
| 21:47 | Create | Villager (Male) |
| 22:53 | Research | Castle Age |
| 23:07 | Build | Stable |
| 23:10 | Build | Stable |
| 23:15 | Build | Archery Range |
| 23:18 | Build | Archery Range |
| 23:32 | Research | Double-Bit Axe |
| 23:34 | Research | Horse Collar |
| 23:38 | Research | Stone Mining |
| 23:38 | Research | Gold Mining |
| 25:47 | Build | Castle |
| 25:51 | Research | Wheelbarrow |
| 25:52 | Research | Town Watch |
| 25:53 | Research | Loom |
| 26:00 | Build | Town Center |
| 26:04 | Build | Lumber Camp |
| 26:26 | Create | Knight |
| 26:27 | Create | Knight |
| 27:01 | Create | Knight |
| 27:01 | Create | Knight |
| 27:01 | Create | Knight |
| 27:21 | Build | Mining Camp |
| 27:31 | Build | House |
| 27:32 | Build | House |
| 27:33 | Build | House |
| 27:33 | Build | House |
| 27:38 | Create | Villager (Male) |
| 27:38 | Create | Villager (Male) |
| 27:39 | Create | Villager (Male) |
| 27:39 | Create | Villager (Male) |
| 27:39 | Create | Villager (Male) |
| 27:59 | Create | Knight |
| 28:18 | Create | Knight |
| 28:18 | Create | Knight |
| 28:18 | Create | Knight |
| 28:19 | Create | Knight |
| 28:43 | Build | Mining Camp |
| 28:47 | Create | Villager (Male) |
| 28:48 | Create | Villager (Male) |
| 28:48 | Create | Villager (Male) |
| 28:48 | Create | Villager (Male) |
| 28:49 | Create | Villager (Male) |
| 29:02 | Build | Mining Camp |
| 29:07 | Create | Knight |
| 29:07 | Create | Knight |
| 29:08 | Create | Knight |
| 29:12 | Create | Villager (Male) |
| 29:12 | Create | Villager (Male) |
Build order — martinjohn
First 150 of 267 actions detected
| 0:02 | Create | Villager (Male) |
| 0:02 | Create | Villager (Male) |
| 0:03 | Create | Villager (Male) |
| 0:03 | Create | Villager (Male) |
| 0:07 | Build | House |
| 0:18 | Build | House |
| 1:31 | Create | Villager (Male) |
| 2:21 | Create | Villager (Male) |
| 2:21 | Create | Villager (Male) |
| 2:55 | Build | House |
| 2:58 | Build | House |
| 3:02 | Create | Villager (Male) |
| 3:02 | Create | Villager (Male) |
| 3:23 | Build | Mill |
| 3:36 | Create | Villager (Male) |
| 3:55 | Research | Loom |
| 3:57 | Create | Villager (Male) |
| 4:28 | Create | Villager (Male) |
| 4:43 | Build | Lumber Camp |
| 4:55 | Create | Villager (Male) |
| 5:21 | Create | Villager (Male) |
| 5:59 | Create | Villager (Male) |
| 6:00 | Create | Villager (Male) |
| 6:06 | Build | Mill |
| 6:56 | Create | Villager (Male) |
| 6:57 | Create | Villager (Male) |
| 7:22 | Create | Villager (Male) |
| 8:08 | Create | Villager (Male) |
| 8:12 | Build | House |
| 8:14 | Build | House |
| 8:22 | Create | Villager (Male) |
| 8:57 | Create | Villager (Male) |
| 9:22 | Create | Villager (Male) |
| 9:32 | Research | Feudal Age |
| 9:41 | Build | Barracks |
| 10:03 | Build | Farm |
| 10:11 | Build | Farm |
| 10:30 | Build | Farm |
| 11:07 | Create | Militia |
| 11:07 | Create | Militia |
| 11:07 | Create | Militia |
| 11:08 | Create | Militia |
| 11:08 | Create | Militia |
| 11:23 | Build | Farm |
| 11:42 | Research | Wheelbarrow |
| 11:42 | Research | Wheelbarrow |
| 11:44 | Research | Double-Bit Axe |
| 11:51 | Build | Farm |
| 11:53 | Create | Villager (Male) |
| 12:09 | Create | Villager (Male) |
| 12:33 | Create | Villager (Male) |
| 12:36 | Build | Farm |
| 12:36 | Build | Farm |
| 12:37 | Build | Farm |
| 12:37 | Build | Farm |
| 12:37 | Build | Farm |
| 12:37 | Build | Farm |
| 12:37 | Build | Farm |
| 12:38 | Build | Farm |
| 12:38 | Build | Farm |
| 12:38 | Build | Farm |
| 12:55 | Create | Villager (Male) |
| 12:57 | Build | Farm |
| 13:17 | Build | Farm |
| 13:21 | Build | Farm |
| 13:21 | Build | Farm |
| 13:23 | Create | Villager (Male) |
| 13:30 | Research | Man-at-Arms (upgrade) |
| 13:33 | Create | Villager (Male) |
| 13:47 | Build | Mining Camp |
| 14:13 | Create | Villager (Male) |
| 14:15 | Build | House |
| 14:16 | Build | House |
| 14:22 | Build | Farm |
| 14:24 | Create | Villager (Male) |
| 14:43 | Create | Villager (Male) |
| 14:58 | Create | Militia |
| 15:08 | Build | Blacksmith |
| 15:10 | Build | House |
| 15:20 | Create | Militia |
| 15:29 | Create | Villager (Male) |
| 15:38 | Build | Farm |
| 15:39 | Build | Farm |
| 15:39 | Build | Farm |
| 15:39 | Build | Farm |
| 15:39 | Build | Farm |
| 15:42 | Research | Forging |
| 15:43 | Create | Villager (Male) |
| 15:46 | Create | Militia |
| 15:59 | Create | Militia |
| 16:04 | Create | Villager (Male) |
| 16:09 | Build | Farm |
| 16:12 | Build | Farm |
| 16:48 | Create | Militia |
| 16:48 | Create | Militia |
| 16:53 | Create | Villager (Male) |
| 16:56 | Build | Farm |
| 16:56 | Build | Farm |
| 16:57 | Build | Farm |
| 16:59 | Create | Villager (Male) |
| 17:11 | Create | Militia |
| 17:11 | Create | Militia |
| 17:14 | Create | Villager (Male) |
| 17:37 | Create | Militia |
| 17:37 | Create | Militia |
| 17:48 | Create | Militia |
| 18:18 | Create | Spearman |
| 18:18 | Create | Spearman |
| 18:19 | Create | Spearman |
| 18:24 | Create | Villager (Male) |
| 18:37 | Create | Spearman |
| 18:59 | Create | Spearman |
| 18:59 | Create | Spearman |
| 19:08 | Build | Farm |
| 19:09 | Build | Farm |
| 19:09 | Build | Farm |
| 19:10 | Build | Farm |
| 19:10 | Build | Farm |
| 19:10 | Build | Farm |
| 19:10 | Build | Farm |
| 19:10 | Build | Farm |
| 19:11 | Build | Farm |
| 19:40 | Create | Villager (Male) |
| 19:42 | Create | Villager (Male) |
| 19:48 | Build | Farm |
| 19:55 | Build | House |
| 19:57 | Build | House |
| 20:12 | Build | Farm |
| 20:26 | Create | Militia |
| 20:26 | Create | Militia |
| 21:01 | Build | Market |
| 21:06 | Create | Villager (Male) |
| 21:10 | Create | Militia |
| 21:34 | Create | Militia |
| 21:34 | Create | Militia |
| 21:35 | Create | Militia |
| 21:58 | Create | Militia |
| 22:00 | Research | Castle Age |
| 22:10 | Build | Barracks |
| 22:47 | Create | Militia |
| 22:47 | Create | Militia |
| 22:52 | Build | Barracks |
| 23:19 | Create | Militia |
| 23:19 | Create | Militia |
| 23:23 | Research | Scale Mail Armor |
| 23:32 | Create | Militia |
| 23:33 | Create | Militia |
| 23:41 | Create | Militia |
| 23:41 | Create | Militia |
| 23:55 | Build | Barracks |
Build order — char
45 actions detected in the replay
| 0:05 | Build | House |
| 0:10 | Build | House |
| 0:22 | Create | Villager (Male) |
| 0:40 | Create | Villager (Male) |
| 0:52 | Create | Villager (Male) |
| 1:11 | Create | Villager (Male) |
| 2:05 | Build | Lumber Camp |
| 2:39 | Create | Villager (Male) |
| 3:08 | Create | Villager (Male) |
| 3:21 | Create | Villager (Male) |
| 4:08 | Create | Villager (Male) |
| 4:27 | Build | Mill |
| 4:39 | Create | Villager (Male) |
| 5:05 | Create | Villager (Male) |
| 5:18 | Create | Villager (Male) |
| 6:06 | Create | Villager (Male) |
| 6:17 | Build | House |
| 6:45 | Create | Villager (Male) |
| 7:00 | Build | House |
| 7:07 | Create | Villager (Male) |
| 7:45 | Create | Villager (Male) |
| 9:01 | Research | Feudal Age |
| 11:43 | Build | Barracks |
| 12:28 | Build | Barracks |
| 12:59 | Build | Farm |
| 13:02 | Build | Farm |
| 13:05 | Build | Farm |
| 13:19 | Create | Villager (Male) |
| 13:19 | Create | Villager (Male) |
| 14:06 | Create | Eagle Scout |
| 14:06 | Create | Eagle Scout |
| 14:06 | Create | Eagle Scout |
| 14:25 | Build | Farm |
| 14:35 | Build | Farm |
| 14:42 | Research | Double-Bit Axe |
| 15:04 | Create | Spearman |
| 15:04 | Create | Spearman |
| 15:18 | Research | Wheelbarrow |
| 15:47 | Build | Mining Camp |
| 16:22 | Create | Spearman |
| 16:23 | Create | Spearman |
| 16:23 | Create | Spearman |
| 16:23 | Create | Spearman |
| 16:23 | Create | Spearman |
| 18:48 | Build | Watch Tower |
Match timeline
| 6:46 | Cobra Car · first_building Barracks |
| 7:59 | judge judy · first_building Barracks |
| 8:57 | kevinmcgill59 · first_building Barracks |
| 9:29 | billculviner · first_building Barracks |
| 9:41 | martinjohn · first_building Barracks |
| 10:11 | PITUFO1998 · first_building Barracks |
| 10:16 | judge judy · wall_segment Palisade Wall x5 |
| 11:03 | judge judy · wall_segment Palisade Wall x2 |
| 11:43 | char · first_building Barracks |
| 11:53 | PITUFO1998 · first_building Stable |
| 11:56 | judge judy · wall_segment Palisade Wall x6 |
| 12:06 | ULIVS96 · wall_segment Palisade Wall x1 |
| 12:09 | ULIVS96 · wall_segment Palisade Wall x1 |
| 13:03 | judge judy · wall_segment Palisade Wall x8 |
| 13:20 | kevinmcgill59 · first_market_sell 100 wood |
| 13:21 | kevinmcgill59 · first_market_buy 100 stone |
| 13:31 | ULIVS96 · wall_segment Palisade Wall x8 |
| 13:46 | ULIVS96 · wall_segment Stone Wall x5 |
| 14:56 | Cobra Car · wall_segment Palisade Wall x3 |
| 15:29 | ULIVS96 · first_market_sell 100 wood |
| 16:42 | ULIVS96 · wall_segment Palisade Wall x1 |
| 16:51 | ULIVS96 · wall_segment Palisade Wall x1 |
| 16:54 | ULIVS96 · wall_segment Palisade Wall x1 |
| 16:57 | ULIVS96 · wall_segment Palisade Wall x1 |
| 17:03 | ULIVS96 · wall_segment Palisade Wall x1 |
| 17:23 | billculviner · first_market_sell 100 wood |
| 17:25 | billculviner · first_market_buy 100 food |
| 17:54 | Cobra Car · first_market_sell 100 wood |
| 17:54 | Cobra Car · first_market_buy 100 food |
| 18:25 | ULIVS96 · wall_segment Stone Wall x1 |
| 18:29 | ULIVS96 · wall_segment Stone Wall x1 |
| 18:32 | ULIVS96 · wall_segment Stone Wall x1 |
| 18:53 | Cobra Car · wall_segment Palisade Wall x1 |
| 19:06 | char · resign |
| 22:07 | Cobra Car · wall_segment Palisade Wall x1 |
| 22:47 | ULIVS96 · first_market_buy 100 stone |
| 23:15 | PITUFO1998 · first_building Archery Range |
| 23:26 | ULIVS96 · first_building Siege Workshop |
| 24:47 | martinjohn · first_market_sell 100 food |
| 25:47 | PITUFO1998 · first_building Castle |
| 26:05 | Cobra Car · wall_segment Palisade Wall x5 |
| 26:39 | judge judy · first_building Archery Range |
| 26:45 | martinjohn · tribute_sent a jugador 1 |
| 26:45 | martinjohn · tribute_sent a jugador 2 |
| 26:45 | martinjohn · tribute_sent a jugador 3 |
| 26:45 | martinjohn · tribute_sent a jugador 4 |
| 26:45 | martinjohn · tribute_sent a jugador 5 |
| 26:45 | martinjohn · tribute_sent a jugador 7 |
| 26:45 | martinjohn · tribute_sent a jugador 8 |
| 26:47 | billculviner · first_building Monastery |
| 26:51 | PITUFO1998 · first_market_sell 100 wood |
| 27:17 | Cobra Car · first_building Castle |
| 28:38 | ULIVS96 · wall_segment Stone Wall x2 |
| 28:50 | martinjohn · first_building Monastery |
| 29:06 | ULIVS96 · first_building Castle |
| 34:43 | martinjohn · first_market_buy 100 stone |
[ AI ANALYSIS · 1 CREDIT ]
What really happened in this match?
Wolo.gg analyzes every decision: build order, eco, micro, common mistakes by bracket. Personalized analysis on WhatsApp or Discord in 30 seconds.
Civ guide
Koreans
Perfil
Jugador #18298085